 Seeded DCSS version 0.29.1-12-g30fa7ad0bf (webtiles) character file.

Game seed: 20230105 (custom seed)

83 stormannn the Stinger (level 4, -4/36 HPs)
             Began as a Naga Venom Mage on Jan 5, 2023.
             Slain by a hound (5 damage)
             ... on level 4 of the Dungeon.
             The game lasted 00:07:56 (6415 turns).

stormannn the Stinger (Naga Venom Mage)             Turns: 6415, Time: 00:07:56

Health: -4/36      AC:  2    Str: 10    XL:     4   Next: 44%
Magic:  3/8        EV:  9    Int: 18    God:
Gold:   158        SH:  0    Dex: 11    Spells: 5/8 levels left

rFire   . . .      SeeInvis +   (no weapon)
rCold   . . .      Faith    .   (no shield)
rNeg    . . .      Spirit   .   a - +0 robe
rPois   +          Reflect  .   (no helmet)
rElec   .          Harm     .   (no cloak)
rCorr   .          Rampage  .   (no gloves)
Will    +....                   (no barding)
Stlth   ++........              m - amulet of the acrobat
HPRegen 0.12/turn               g - ring of willpower
MPRegen 0.11/turn               (no ring)

@: very slow
A: AC +1, large, see invisible, deformed body, poison resistance, slowness 2,
spit poison 1, naga tail 1
a: Spit Poison


You were on level 4 of the Dungeon.
You visited 1 branch of the dungeon, and saw 4 of its levels.

You collected 158 gold pieces.

Inventory:

Armour
 a - a +0 robe (worn)
 d - a +0 tower shield
Jewellery
 g - a ring of willpower (left hand)
 m - an amulet of the acrobat (around neck)
Scrolls
 c - 3 scrolls of identify
 k - a scroll of teleportation
 n - a scroll of amnesia
Potions
 b - a potion of magic
 e - 3 potions of ambrosia {unknown}
 f - 2 potions of resistance
 h - 4 potions of invisibility
 i - 3 potions of flight
 j - a potion of lignification {unknown}
 l - a potion of curing {unknown}
 o - a potion of cancellation {unknown}


   Skills:
 - Level 1.5 Dodging
 + Level 4.3 Stealth
 + Level 2.7 Spellcasting
 + Level 2.1 Transmutations
 + Level 4.8 Poison Magic


You had 5 spell levels left.
You knew the following spells:

 Your Spells              Type           Power      Damage    Failure   Level
a - Sting                 Tmut/Pois      60%        1d6       4%          1
b - Poisonous Vapours     Pois/Air       22%        N/A       10%         2

Your spell library contained the following spells:

 Spells                   Type           Power      Damage    Failure   Level
 Apportation              Tloc           4%         N/A       17%         1
 Necrotise                Necr           8%         1d4       17%         1
 Summon Small Mammal      Summ           8%         N/A       17%         1
 Olgreb's Toxic Radiance  Pois           20%        N/A       22%         4
 Mephitic Cloud           Conj/Pois/Air  8%         N/A       26%         3
 Portal Projectile        Hex/Tloc       4%         N/A       45%         3
 Tukima's Dance           Hex            2%         N/A       45%         3
 Blade Hands              Tmut           5%         N/A       89%         5
 Dispersal                Tloc           1%         N/A       100%        6
 Disjunction              Tloc           1%         N/A       100%        8


Dungeon Overview and Level Annotations

Branches:
Dungeon (4/15)
 Temple: D:4-7

Altars:


Innate Abilities, Weirdness & Mutations

Your serpentine skin is tough. (AC +1)
You have supernaturally acute eyesight. (SInv)
Armour fits poorly on your strangely shaped body.
Your system is resistant to poisons. (rPois)
You cover ground very slowly.
You can spit poison.
You have a snake-like lower body.


Message History

The goblin is moderately wounded.
The hound bites you.
The goblin hits you with a +0 flail of protection!
The hound closely misses you.
Casting: Sting (safe; 4% risk of failure)
Confirm with . or Enter, or press ? or * to list all spells.
Aiming: Sting (safe; 4% risk of failure)
Press: ? - help, Shift-Dir - straight line, f/p - goblin
Aim: a goblin, wielding a +0 flail of protection (moderately wounded, very poisoned, 67% to hit)
The sting hits the goblin but does no damage.
The goblin looks even sicker.
The goblin is moderately wounded.
The hound bites you.
The goblin hits you with a +0 flail of protection!
* * * LOW HITPOINT WARNING * * *
You hit the goblin but do no damage.
The goblin is moderately wounded.
The hound bites you but does no damage. The goblin barely misses you.
The hound bites you.
* * * LOW HITPOINT WARNING * * *
Casting: Sting (safe; 4% risk of failure)
Confirm with . or Enter, or press ? or * to list all spells.
Aiming: Sting (safe; 4% risk of failure)
Press: ? - help, Shift-Dir - straight line, f/p - goblin
Aim: a goblin, wielding a +0 flail of protection (moderately wounded, very poisoned, 67% to hit)
The sting hits the goblin.
The goblin looks as sick as possible!
The goblin is heavily wounded.
You kill the goblin!
The hound misses you.
Unknown command.
The hound closely misses you. The hound completely misses you.
Things that are here:
a +0 flail of protection; a goblin corpse
Casting: Sting (safe; 4% risk of failure)
Confirm with . or Enter, or press ? or * to list all spells.
Aiming: Sting (safe; 4% risk of failure)
Press: ? - help, Shift-Dir - straight line, f - hound
Aim: a hound (64% to hit)
The sting misses the hound.
The hound closely misses you. The hound bites you.
You die...

... ... .(. ... #.#
#.# #.# #.# #.# #.#
.# ##'## # #.# .#
##...## #.##.##.#
##.....# #...@h..##
##.......
####.#...####........
##.................
#......###.........
#.#...># #.#.......
#....#.# #.##.....#
####.#.# #.###...##
#.#.###.####+##
#.......#.##.#


You could see a hound.

Vanquished Creatures
  An adder (D:3)
  2 dart slugs
  An orc (D:3)
  9 endoplasms
  2 giant cockroaches (D:1)
  7 goblins
  6 hobgoblins
  4 jackals (D:2)
  4 quokkas
  2 ball pythons
  8 bats
  6 frilled lizards
  4 kobolds
  6 rats
62 creatures vanquished.

Vanquished Creatures (others)
  9 plants (D:3)
9 creatures vanquished.

Grand Total: 71 creatures vanquished

Notes
Turn   | Place    | Note
-------+----------+-------------------------------------------
     0 | D:1      | stormannn the Naga Venom Mage began the quest for the Orb.
     0 | D:1      | Reached XP level 1. HP: 15/15 MP: 3/3
   131 | D:1      | Reached XP level 2. HP: 20/22 MP: 1/5
  1428 | D:1      | Reached XP level 3. HP: 28/28 MP: 3/6
  2227 | D:1      | Found a faded altar of an unknown god.
  2452 | D:2      | Learned a level 2 spell: Poisonous Vapours
  3470 | D:2      | Reached XP level 4. HP: 30/36 MP: 0/7
  6412 | D:4      | HP: 1/36 [hound (2)]
  6415 | D:4      | Slain by a hound

Illustrated notes

Levels and vault maps discovered:
D:1:      heliophobic_arrival_battle_scene, layout_basic,
          shapermc_ecumenical_altar_mp_vishouse, minmay_pentomino_x2
D:2:      layout_basic, roderic_lattice_a
D:3:      layout_basic, serial_bayou_ford_a, small_statue_intersection
D:4:      layout_loops_corners, minmay_temple_entry_overgrown, serial_forest,
          infiniplex_forest_lined_3, infiniplex_forest_lined_3,
          infiniplex_forest_clump_cross, infiniplex_forest_end_double,
          infiniplex_forest_end_3, infiniplex_forest_lined_2,
          minmay_misc_feat_chi, kennysheep_potato

Skill      XL: |  1  2  3 |
---------------+----------+-----
Stealth        | 4 |  4.3
Transmutations | 2 |  2.1
Dodging        | |  1.5
Spellcasting   | |  2.7
Poison Magic   | |  4.8

Action                   |  1- 3 |  4- 6 || total
-------------------------+-------+-------++-------
Melee: Unarmed           |    13 |    10 ||    23
 Cast: Sting             |    88 |    34 ||   122
  Use: Scroll            |       |     7 ||     7
Armor: Robe              |    10 |     2 ||    12
Dodge: Dodged            |    19 |    12 ||    31
